 Dungeon Crawl Stone Soup version 0.31-a0-435-g2c6fae2916 (webtiles) character file.

Game seed: 16092584453706204447

111 avis the Chopper (level 4, 0/39 HPs)
             Began as a Hill Orc Monk on Aug 1, 2023.
             Was a Believer of Beogh.
             Slain by an orc wizard
             ... wielding a +0 dagger
              (3 damage)
             ... on level 3 of the Dungeon.
             The game lasted 00:09:52 (2321 turns).

avis the Chopper (Hill Orc Monk)                    Turns: 2321, Time: 00:09:53

Health: 0/39       AC:  2    Str: 15    XL:     4   Next: 92%
Magic:  4/4        EV: 12    Int: 10    God:    Beogh [**....]
Gold:   119        SH:  0    Dex: 13    Spells: 3/3 levels left

rFire   . . .        a - +0 hand axe
rCold   . . .        d - orb {light}
rNeg    . . .        b - +0 robe
rPois   .            (no helmet)
rElec   .            (no cloak)
rCorr   .            (no gloves)
SInv    .            (no boots)
Will    .....        (no amulet)
Stlth   +            (no ring)
HPRegen 0.26/turn    (no ring)
MPRegen 0.09/turn

%: no passive effects
@: confused, ambrosia-drunk, glowing
A: no striking features
a: Renounce Religion, Smiting


You were on level 3 of the Dungeon.
You worshipped Beogh.
Beogh was pleased with you.
You visited 1 branch of the dungeon, and saw 3 of its levels.

You collected 119 gold pieces.

Inventory:

Hand Weapons
 a - a +0 hand axe (weapon)
 i - a +0 spear
 j - a +0 spear
Missiles
 m - 24 stones
 n - 2 boomerangs (quivered)
 o - 3 poisoned darts
Armour
 b - a +0 robe (worn)
 d - an orb of light (worn)
Scrolls
 e - 3 scrolls of amnesia {unknown}
 f - a scroll of identify {unknown}
 h - a scroll of teleportation {unknown}
 k - a scroll of immolation {unknown}
 l - a scroll of enchant armour {unknown}
Potions
 g - a potion of berserk rage {unknown}


   Skills:
 - Level 3.6 Fighting
 * Level 7.2 Axes
 - Level 2.4 Dodging


You had 3 spell levels left.
You didn't know any spells.
Your spell library contained the following spells:

 Spells                   Type           Power      Damage    Failure   Level
 Necrotise                Necr           0%         1d4       36%         1


Dungeon Overview and Level Annotations

Branches:
Dungeon (3/15)

Altars:


Message History

An orc wizard comes into view. It is wielding a +0 dagger.
Throw: 2 boomerangs
Press: ? - help, Q - select action, (/) - cycle Shift-Dir - straight line, f/p - orc
Aim: an orc, wielding a +0 war axe and wearing a +0 ring mail (58% to hit)
You throw a boomerang. The orc wizard shouts!
The boomerang hits the orc.
The orc is moderately wounded.
The orc wizard points at you and mumbles some strange words.
You are confused.
You're too confused to move!
You bump into the rock wall.
The orc wizard points at you and mumbles some strange words.
The magic dart hits you!
The orc hits you from afar with a +0 trident.
The orc hits you with a +0 war axe. The orc barely misses you.
You feel less confused. The orc closely misses you. The orc barely misses you.
You barely miss the orc.
The orc is moderately wounded.
You hit the orc but do no damage. The orc misses you. x2
You barely miss the orc.
The orc is moderately wounded.
You hit the orc but do no damage. The orc hits you with a +0 war axe!
The orc closely misses you.
You hit the orc.
The orc is severely wounded.
You barely miss the orc. The orc hits you with a +0 war axe!
* * * LOW HITPOINT WARNING * * *
The orc closely misses you.
You are confused.
You feel invigorated. The orc hits you with a +0 war axe!
* * * LOW HITPOINT WARNING * * *
The orc hits you with a +0 trident.
* * * LOW HITPOINT WARNING * * *
The orc wizard barely misses you.
The orc wizard attacks as you move away!
The orc wizard hits you with a +0 dagger.
You die...
Beogh appreciates the orc wizard's killing of a heretic priest.

.##......# .....# .†.....###
......##.#..
.†####...#####.....#....#. ..
###....)............. #.###
###..............
.....###...###......... #.
#.....####......#.####
#.###............o.)....#
#.....#.######).@o.## ........#
#.....o.# ...#########.####.##
....## ##<)..##...#
.#...###..........#
.#.#..............#
.#.#####..........###########
.#.#####....................##
.......####################..##


You could see an orc wizard and 2 orcs.

Vanquished Creatures
  An orc priest (D:3)
  An adder (D:3)
  A worm (D:2)
  4 dart slugs
  3 orcs
  5 endoplasms
  A giant cockroach (D:2)
  4 goblins
  7 hobgoblins
  3 quokkas
  7 ball pythons
  9 bats
  4 frilled lizards (D:1)
  2 kobolds
  3 rats (D:1)
55 creatures vanquished.

Vanquished Creatures (others)
  An endoplasm (D:3)
1 creature vanquished.

Grand Total: 56 creatures vanquished

Notes
Turn   | Place    | Note
-------+----------+-------------------------------------------
     0 | D:1      | avis the Hill Orc Monk began the quest for the Orb.
     0 | D:1      | Reached XP level 1. HP: 19/19 MP: 1/1
   186 | D:1      | Reached XP level 2. HP: 26/26 MP: 2/2
   196 | D:1      | Reached skill level 5 in Axes
   240 | D:1      | You fall into a shaft and drop 1 floor!
   498 | D:1      | Reached XP level 3. HP: 22/31 MP: 3/3
   587 | D:1      | Found a faded altar of an unknown god.
   595 | D:1      | Got Plato's Catalogue of the Graveyard
   922 | D:1      | Reached skill level 6 in Axes
  1842 | D:3      | Reached XP level 4. HP: 25/39 MP: 4/4
  1879 | D:3      | Became a worshipper of Beogh the Brigand
  1879 | D:3      | Reached * piety under Beogh
  1879 | D:3      | Reached ** piety under Beogh
  2011 | D:3      | Reached skill level 7 in Axes
  2321 | D:3      | Slain by an orc wizard

Illustrated notes

Levels and vault maps discovered:
D:1:      dpeg_arrival_renting, layout_loops_ring,
          shapermc_ecumenical_altar_rom_forum
D:2:      layout_basic, minmay_misc_feat_four_crosses, minmay_statues_item
D:3:      layout_rooms, dk_xom_monty_hall

Skill      XL: |  1  2  3  4 |
---------------+-------------+-----
Axes           | 5 6 7 |  7.2
Fighting       | |  3.6
Dodging        | |  2.4

Action                     |  1- 3 |  4- 6 || total
---------------------------+-------+-------++-------
  Melee: Hand axe          |   104 |    37 ||   141
  Throw: Boomerang         |    19 |     7 ||    26
 Invoke: Convert to Beogh  |       |     1 ||     1
    Use: Potion            |       |     1 ||     1
 Armour: Robe              |    16 |     3 ||    19
  Dodge: Dodged            |    69 |    25 ||    94

Table legend: (Time is in decaauts)
 A = Elapsed time spent in this place.
 B = Non-inter-level travel time spent in this place.
 C = Inter-level travel time spent in this place.
 D = Time resting spent in this place.
 E = Time spent auto-exploring this place.
 F = Levels seen in this place.
 G = Mean time per level.
                   A        B        C        D        E       F      G
               +--------+--------+--------+--------+--------+-----+--------+
         Total |   2333 |   1938 |    395 |    383 |   1035 |   3 |  777.7 |
       Dungeon |   2333 |   1938 |    395 |    383 |   1035 |   3 |  777.7 |
               +--------+--------+--------+--------+--------+-----+--------+

Top non-repeatable levels by time:
     D:1: 1132 daAuts
     D:2: 751 daAuts
     D:3: 449 daAuts
